AoeStats
← sueyroagustin

Nomad

508307122Analyzed
3v3 RM · 10d ago on Sep 21, 2026· 58m 58s· 6 players
Game mode
Random Map
Map size
210×210
Population
200
Speed
Normal
Resources
Standard
Victory
Conquest
Starting age
Dark Age
Ending age
Imperial Age
RankedLock teamsTeams togetherTeam positionsShared explorationLock speedFull tech treeHidden civsTurbo modeCheats
Victory
Defeat
🇫🇷 Sicilians · France
1033
+11
🇫🇷 Lithuanians · France
948
+14
🇫🇷 Franks · France
773
+45
🇹🇷 Huns · Türkiye
937
-17
🇦🇷 Chinese · Argentina
887
-35
🇩🇪 Khmer · Germany
878
-14
Ultimarte
14:04 Feudal Age
14:29 Double-Bit Axe
17:59 Bloodlines
27:09 Fishing Lines
28:54 Forging
31:44 Castle Age
30:31 Stone Mining
30:49 Man-at-Arms
34:47 Husbandry
37:29 Wheelbarrow
38:11 Iron Casting
37:43 Scale Barding Armor
44:49 Chain Barding Armor
44:51 Marauders
46:45 Gold Mining
48:04 Gold Shaft Mining
48:38 Iron Casting
sueyroagustin
16:19 Feudal Age
Örfdemadafaka
5:52 Loom
18:08 Feudal Age
21:12 Castle Age
19:02 Double-Bit Axe
19:03 Horse Collar
19:13 Fishing Lines
21:25 Wheelbarrow
22:26 Bow Saw
22:19 Heavy Plow
23:38 Hand Cart
23:10 Town Watch
25:11 Gold Mining
25:11 Stone Mining
26:21 Bloodlines
26:58 Town Patrol
32:34 Gold Shaft Mining
32:34 Stone Shaft Mining
34:58 Imperial Age
35:13 Forging
35:03 Scale Mail Armor
35:09 Scale Barding Armor
34:54 Fletching
35:04 Padded Archer Armor
36:34 Pikeman
37:01 Arson
37:37 Leather Archer Armor
38:27 Iron Casting
38:07 Chain Mail Armor
40:26 Capped Ram
40:59 Elite Ballista Elephant
42:00 Conscription
44:26 Halberdier
45:05 Siege Ram
51:14 Light Cavalry
51:14 Cavalier
52:04 Onager
53:38 Double Crossbow
55:06 Chain Mail Armor
55:11 Chain Barding Armor
54:47 Bodkin Arrow
Nek
6:37 Loom
14:10 Feudal Age
14:34 Man-at-Arms
15:06 Arson
19:53 Wheelbarrow
21:24 Double-Bit Axe
22:17 Horse Collar
23:10 Forging
29:11 Castle Age
27:35 Fletching
27:47 Padded Archer Armor
27:51 Scale Mail Armor
29:44 Crossbowman
29:50 Pikeman
31:20 Stone Mining
34:45 Bow Saw
35:10 Bloodlines
34:58 Gold Mining
38:02 Iron Casting
37:43 Chain Mail Armor
40:57 Redemption
41:30 Sanctity
48:21 Imperial Age
49:16 Hand Cart
48:47 Town Watch
49:32 Elite Leitis
52:19 Conscription
52:08 Hill Forts
52:46 Hoardings
53:55 Halberdier
56:46 Long Swordsman
Soo
9:09 Loom
15:15 Feudal Age
16:14 Double-Bit Axe
18:09 Fishing Lines
26:27 Castle Age
27:44 Scale Barding Armor
28:13 Husbandry
28:11 Light Cavalry
28:21 Light Cavalry
32:10 Chain Barding Armor
39:51 Bow Saw
39:36 Stone Mining
40:41 Scale Mail Armor
44:23 Imperial Age
44:58 Cavalier
47:42 Plate Barding Armor
49:40 Wheelbarrow
48:48 Paladin
57:52 Hand Cart
57:23 Loom
Mcsky
4:46 Loom
13:10 Feudal Age
18:07 Castle Age
17:42 Double-Bit Axe
17:40 Horse Collar
19:03 Fletching
19:10 Stone Mining
23:37 Bodkin Arrow
28:04 Bow Saw
30:33 Wheelbarrow
29:50 Town Watch
29:54 Town Watch
30:10 Fishing Lines
32:01 Scale Mail Armor
32:11 Forging
32:24 Pikeman
33:05 Squires
36:57 Imperial Age
37:06 Hand Cart
37:14 Halberdier
38:40 Chain Mail Armor
39:07 Iron Casting
39:52 Plate Mail Armor
40:49 Arson
40:50 Gambesons
41:10 Capped Ram
42:49 Onager
44:41 Conscription
44:58 Heavy Plow
45:20 Siege Engineers
49:07 Blast Furnace
48:57 Crop Rotation
51:39 Siege Onager
54:56 Town Patrol
55:02 Town Patrol
Connection lost

Rejoining the realm…

Still unreachable

The connection could not be restored.

Session expired

The server has moved on; the page needs a fresh start.